 Dungeon Crawl Stone Soup version 0.31-a0-43-g46d131a48f (webtiles) character file.

Game seed: 10534201576996184482

183459 pk666 the Eclecticist (level 17, -2/80 HPs)
             Began as a Deep Elf Fire Elementalist on May 19, 2023.
             Was the Champion of Vehumet.
             Shot with an arrow by a deep elf master archer (34 damage)
             ... on level 3 of the Elven Halls on May 20, 2023.
             The game lasted 03:55:27 (46793 turns).

pk666 the Eclecticist (Deep Elf Fire Elementalist) Turns: 46793, Time: 03:55:28

Health: -2/80      AC: 16    Str:  5    XL:     17   Next: 74%
Magic:  35/52      EV: 20    Int: 32    God:    Vehumet [******]
Gold:   1897       SH:  0    Dex: 15    Spells: 6/56 levels left

rFire   + . .        W - +9 staff of Olgreb {rPois∞}
rCold   . . .        h - orb {*channel}
rNeg    . . .        M - +2 leather armour of the Tuna {rC+ SInv}
rPois   ∞            O - +2 hat of Greed {Regen+ MP+9 Int+3 Dex-2}
rElec   .            I - +2 cloak
rCorr   .            Y - +2 pair of gloves of Submission {Dex+2}
SInv    +            a - +2 pair of boots {Fly}
Will    +....        T - amulet of the acrobat
Stlth   ++           e - ring of fire
HPRegen 1.13/turn    v - ring of wizardry
MPRegen 0.33/turn

%: acrobat, wizardry (x1), channel magic (20%)
@: flying
A: no striking features
a: Renounce Religion, Evoke the Staff of Olgreb


You were on level 3 of the Elven Halls.
You worshipped Vehumet.
Vehumet was exalted by your worship.
You visited 6 branches of the dungeon, and saw 28 of its levels.

You collected 3220 gold pieces.
You spent 1323 gold pieces at shops.

Inventory:

Hand Weapons
 W - the +9 staff of Olgreb (weapon) {rPois∞}
   (You took it off Arachne on level 3 of the Spider Nest)

   It enhances your poison magic.
   It grants immunity to poison.
   It can be activated via the 'a'bility menu to radiate toxic energy, with
   effectiveness depending on Evocations skill.
Armour
 a - a +2 pair of boots of flying (worn)
 h - an orb of energy (worn)
 I - a +2 cloak (worn)
 K - the +0 robe of Music {rElec}
   (You bought it in a shop on level 1 of the Dungeon)

   rElec:     It insulates you from electricity.
 M - the +2 leather armour of the Tuna (worn) {rC+ SInv}
   (You found it on level 6 of the Dungeon)

   rC:        It protects you from cold.
   SInv:      It lets you see invisible.
 O - the +2 hat of Greed (worn) {Regen+ MP+9 Int+3 Dex-2}
   (You found it on level 1 of the Lair of Beasts)

   Int:       It affects your intelligence (+3).
   Dex:       It affects your dexterity (-2).
   MP:        It affects your magic capacity (+9).
   Regen:     It increases your rate of health regeneration.
 Y - the +2 pair of gloves of Submission (worn) {Dex+2}
   (You bought it in a shop on level 9 of the Dungeon)

   Dex:       It affects your dexterity (+2).
Magical Staves
 R - a staff of fire
Jewellery
 e - a ring of fire (left hand)
 f - a +5 ring of evasion
 i - a ring of see invisible
 p - a ring of protection from cold
 v - a ring of wizardry (right hand)
 E - an amulet of magic regeneration
 N - a ring of flight
 T - an amulet of the acrobat (around neck)
 X - a ring of positive energy
 Z - an amulet of reflection
Wands
 y - a wand of charming (35)
 A - a wand of acid (9)
 D - a wand of flame (22)
 L - a wand of mindburst (6)
 U - a wand of polymorph (9)
 V - a wand of iceblast (5)
Scrolls
 j - 4 scrolls of poison
 k - a scroll of blinking
 m - 5 scrolls of enchant weapon
 o - 2 scrolls of fog
 q - 5 scrolls of amnesia
 w - 15 scrolls of teleportation
 z - 8 scrolls of immolation
 B - 5 scrolls of identify
 C - 2 scrolls of silence
 G - 2 scrolls of fear
 H - 3 scrolls of summoning
 P - a scroll of brand weapon
Potions
 b - 3 potions of magic
 c - 6 potions of lignification
 d - 2 potions of invisibility
 g - 4 potions of haste
 l - 4 potions of cancellation
 n - 4 potions of heal wounds
 r - a potion of berserk rage
 s - 3 potions of mutation
 t - 5 potions of curing
 u - a potion of brilliance
 x - a potion of ambrosia
 F - 5 potions of might
 J - 3 potions of flight


   Skills:
 + Level 18.1 Dodging
 - Level 2.4 Stealth
 * Level 20.3 Spellcasting
 + Level 16.6 Conjurations
 - Level 5.0 Necromancy
 - Level 2.0 Translocations
 + Level 16.9 Fire Magic
 - Level 5.0 Ice Magic
 - Level 5.0 Air Magic
 - Level 10.0 Earth Magic
 - Level 3.0 Poison Magic


You had 6 spell levels left.
You knew the following spells:

 Your Spells              Type           Power      Damage    Failure   Level
a - Foxfire               Conj/Fire      100%       2x1d9     1%          1
b - Scorch                Fire           100%       2d9       1%          2
c - Flame Wave            Conj/Fire      100%       2d21      1%          4
d - Iron Shot             Conj/Erth      43%        9d8       1%          6
e - Freezing Cloud        Conj/Ice/Air   36%        6-21      1%          5
f - Lehudib's Crystal Sp  Conj/Erth      43%        10d11     11%         8
g - Olgreb's Toxic Radia  Pois           68%        N/A       1%          4
i - Sublimation of Blood  Necr           59%        N/A       1%          2
s - Iskenderun's Battles  Conj           95%        2d14      1%          5
u - Blink                 Tloc           90%        N/A       2%          2
x - Plasma Beam           Fire/Air       50%        2x1d71    1%          6
z - Fireball              Conj/Fire      59%        3d23      1%          5

Your spell library contained the following spells:

 Spells                   Type           Power      Damage    Failure   Level
 Ozocubu's Refrigeration  Ice            29%        4d14      30%         7
 Apportation              Tloc           90%        N/A       1%          1
 Sandblast                Erth           100%       2d20      1%          1
 Momentum Strike          Conj/Tloc      100%       3d10      1%          2
 Passwall                 Tmut/Erth      49%        N/A       1%          2
 Dazzling Flash           Conj/Hex       100%       N/A       1%          3
 Inner Flame              Hex/Fire       92%        N/A       1%          3
 Stone Arrow              Conj/Erth      100%       3d13      1%          3
 Volatile Blastmotes      Fire/Tloc      100%       2d18      1%          3
 Fulminant Prism          Conj/Hex       36%        3d17      1%          4
 Iskenderun's Mystic Bla  Conj/Tloc      75%        2d15      1%          4
 Arcjolt                  Conj/Air       40%        1d50      1%          5
 Lee's Rapid Deconstruct  Erth           38%        3d19*     1%          5
 Ensorcelled Hibernation  Hex/Ice        96%        N/A       2%          2
 Lesser Beckoning         Tloc           90%        N/A       2%          2
 Vhi's Electric Charge    Tloc/Air       100%       N/A       2%          3
 Animate Armour           Summ/Erth      100%       N/A       3%          4
 Leda's Liquefaction      Hex/Erth       29%        N/A       3%          4
 Wereblood                Tmut           32%        N/A       4%          2
 Spider Form              Tmut/Pois      59%        N/A       4%          3
 Tukima's Dance           Hex            32%        N/A       6%          3
 Anguish                  Hex/Necr       24%        N/A       7%          4
 Summon Ice Beast         Ice/Summ       48%        N/A       7%          4
 Agony                    Necr           59%        N/A       7%          5
 Passage of Golubria      Tloc           45%        N/A       9%          4
 Yara's Violent Unravell  Hex/Tmut       16%        3d8       11%         5
 Silence                  Hex/Air        24%        N/A       16%         5
 Alistair's Intoxication  Tmut/Pois      39%        N/A       21%         5
 Summon Forest            Summ/Tloc      19%        N/A       26%         5
 Statue Form              Tmut/Erth      39%        N/A       26%         6
 Summon Mana Viper        Hex/Summ       32%        N/A       34%         5
 Summon Cactus Giant      Summ           16%        N/A       82%         6
 Maxwell's Capacitive Co  Air            29%        ∞         83%         8
 Monstrous Menagerie      Summ           16%        N/A       100%        7
 Summon Hydra             Summ           16%        N/A       100%        7


Dungeon Overview and Level Annotations

Branches:
Dungeon (13/15)            Temple (1/1) D:4            Lair (5/5) D:8
 Shoals (0/4) Lair:2       Spider (4/4) Lair:3        Slime (0/5) Lair:4
    Orc (2/2) D:12            Elf (3/3) Orc:2        Vaults (0/5) D:13

Altars:
Ashenzari
Cheibriados
Dithmenos
Elyvilon
Fedhas
Gozag
Hepliaklqana
Kikubaaqudgha
Makhleb
Nemelex Xobeh
Okawaru
Qazlal
Ru
Sif Muna
Trog
Uskayaw
Vehumet
Wu Jian
Xom
Yredelemnul
Zin
The Shining One
Jiyva

Shops:
D:1 [   D:4 (   D:5 !   D:9 ?[**[   D:10 [   Orc:2 ((=!   Elf:2 [

Annotations:
D:7 3 runed translucent doors, Notanamesir's ghost, novice FeTm
D:12 exclusion: 2 downstairs
Lair:1 6 runed translucent doors
Lair:3 3 runed translucent doors, Pyga's ghost, journeyman DrCj
Spider:3 3 runed translucent doors, KimchiStew's ghost, adept OgCj
Elf:2 Roxanne


Message History

The deep elf master archer shoots an arrow.
The arrow misses you.
Casting: Freezing Cloud (dangerous; 1% risk of failure)
Confirm with . or Enter, or press ? or * to list all spells.
Aiming: Iron Shot (dangerous; 1% risk of failure)
Press: ? - help, Shift-Dir - straight line, f/p - deep elf master archer
Aim: a deep elf master archer, wielding a +0 longbow, wearing a +3 plate armour, wearing a +6 ring of dexterity and quivering stones (freezing vapour, lightly wounded, 70% to hit)
The iron shot misses the deep elf master archer.
The deep elf master archer is engulfed in freezing vapours.
The deep elf master archer shoots an arrow.
The arrow completely misses you.
Casting: Iron Shot (dangerous; 1% risk of failure)
Confirm with . or Enter, or press ? or * to list all spells.
Casting: Plasma Beam (dangerous; 1% risk of failure)
Press: ? - help, Dir - look around, f - activate You feel a surge of power!
The bolt of lightning misses the deep elf master archer.
You hear a sizzling sound!
Magical energy flows into your mind!
You hear a shout!
The deep elf master archer is engulfed in freezing vapours.
The deep elf master archer shoots an arrow.
The arrow hits you!!
The deep elf master archer is engulfed in freezing vapours.
The deep elf master archer shoots an arrow.
The arrow misses you.
Casting: Plasma Beam (dangerous; 1% risk of failure)
Confirm with . or Enter, or press ? or * to list all spells.
Casting: Plasma Beam (dangerous; 1% risk of failure)
Press: ? - help, Dir - look around, f - activate You feel a surge of power!
The bolt of lightning hits the deep elf master archer but does no damage.
The deep elf master archer is heavily wounded.
The fiery plasma misses the deep elf master archer.
You hear a sizzling sound!
The deep elf master archer shoots an arrow.
The arrow hits you!!
The deep elf master archer shoots an arrow.
The arrow hits you!!
You die...

,,,,,,,,,,,,,#...#
,,,,,,,......#...#
,,,****......#...#
,,** *#))..##...#
,,* #.e..#....#
.,* #....#..#.#
..** ##...##..#.#
...####....#..##.#
...........#..#.@#
.........)...##.##
......)....)#...#
......###))§e§§.#
...####...#§§§.##
####.....##).§.#
.)...)..##)...##
......##....###
.........####


You could see a deep elf master archer.

Vanquished Creatures
  Nikola (Spider:3)
  Arachne (Spider:3)
  Rupert (D:13)
  A deep elf blademaster (Elf:3)
  A deep elf master archer (Elf:3)
  Kirke (Spider:2)
  A ghost moth (Spider:1)
  5 deep elf sorcerers (Elf:3)
  An emperor scorpion (Spider:3)
  Louise (Spider:2)
  A deep elf elementalist (Elf:3)
  3 broodmothers
  Nessos (D:13)
  Azrael (Spider:2)
  2 deep elf demonologists (Elf:3)
  7 deep elf annihilators
  Snorg (Lair:4)
  4 deep elf death magi
  6 deep elf high priests (Elf:3)
  6 entropy weavers
  4 hydras
  4 ogre magi (Orc:2)
  3 catoblepae (Lair:5)
  5 radroaches
  18 two-headed ogres
  3 boulder beetles
  8 dancing weapons
  9 death yaks (Lair:5)
  Urug (D:11)
  9 deep elf knights
  A skyshark (Lair:2)
  5 skeletal warriors (D:12)
  4 pharaoh ants
  6 orb spiders
  A wizard (Elf:1)
  A steelbarb worm (Spider:3)
  A necromancer (Lair:2)
  13 deep elf archers
  27 deep elf pyromancers
  20 wolf spiders
  25 deep elf zephyrmancers
  An orc knight (D:13)
  An oklob plant (Lair:1)
  2 ugly things
  2 cyclopes
  4 manticores
  10 elephants (Lair:3)
  A moth of wrath (Spider:2)
  2 merfolk sirens (Lair:2)
  13 demonic crawlers
  A torpor snail (Spider:2)
  5 black mambas
  2 unseen horrors
  9 cane toads
  Maggie (Lair:2)
  A rime drake (Lair:1)
  An unseen horror zombie (D:9)
  9 komodo dragons
  2 merfolk (Lair:2)
  3 meliai (Spider:3)
  3 trolls
  Prince Ribbit (D:5)
  19 tarantellas
  Grinder (D:5)
  35 blink frogs
  2 air elementals
  6 slime creatures (D:12)
  13 culicivoras
  4 water elementals
  Sigmund (D:5)
  29 jumping spiders
  3 shadows (D:12)
  45 yaks
  A vampire (D:10)
  5 wyverns
  3 hogs (Spider:2)
  A wraith (D:11)
  5 fire elementals
  An unseen horror simulacrum (D:9)
  3 basilisks
  42 redbacks
  8 vampire mosquitoes
  12 humans (D:13)
  A warg (Orc:2)
  14 water moccasins
  3 hell hounds (Spider:2)
  22 orc warriors
  32 ogres
  3 black bears
  12 wolves
  2 boggarts (Elf:1)
  9 centaurs
  2 kobold brigands
  2 phantoms
  17 bullfrogs
  A gnoll sergeant (D:11)
  3 earth elementals
  3 scorpions
  3 wights (D:8)
  7 killer bees (D:9)
  2 howler monkeys
  4 hounds
  3 jellies (D:6)
  11 orc priests
  A gnoll bouda (D:5)
  A sleepcap (D:4)
  6 iguanas
  6 hell rats (Lair:5)
  23 orc wizards
  4 polar bear simulacra (Lair:2)
  4 wolf simulacra (Lair:2)
  12 gnolls
  3 howler monkey skeletons (D:9)
  3 river rats (Lair:3)
  7 adders
  A white imp (D:8)
  3 worms
  79 orcs
  5 ball pythons
  3 endoplasms
  4 giant cockroaches
  5 goblins
  6 hobgoblins
  5 jackals
  5 quokkas
  9 bats
  2 frilled lizards (D:2)
  14 kobolds
  3 rats
  3 river rat simulacra (Lair:2)
  A spectral orc (D:4)
901 creatures vanquished.

Vanquished Creatures (others)
  A water elemental (Elf:3)
  A redback (Spider:3)
  458 foxfires
460 creatures vanquished.

Grand Total: 1361 creatures vanquished

Notes
Turn   | Place    | Note
-------+----------+-------------------------------------------
     0 | D:1      | pk666 the Deep Elf Fire Elementalist began the quest for
                  | the Orb.
     0 | D:1      | Reached XP level 1. HP: 10/10 MP: 6/6
   319 | D:1      | Reached XP level 2. HP: 15/15 MP: 6/8
   355 | D:1      | Learned a level 2 spell: Scorch
   651 | D:1      | Noticed an animated shadow dragon scales
   653 | D:1      | Found Obuifuow's Armour Emporium.
   655 | D:1      | Noticed an animated gold dragon scales
   979 | D:2      | Reached XP level 3. HP: 19/19 MP: 7/10
  1262 | D:2      | Reached XP level 4. HP: 24/24 MP: 7/11
  1301 | D:2      | Learned a level 4 spell: Flame Wave
  1367 | D:2      | Found a basalt altar of Yredelemnul.
  1377 | D:2      | Reached skill level 4 in Spellcasting
  2704 | D:4      | Reached XP level 5. HP: 28/28 MP: 11/13
  2736 | D:4      | Found Wyalad's Weapon Shoppe.
  2914 | D:4      | Found a staircase to the Ecumenical Temple.
  2922 | Temple   | Entered the Ecumenical Temple
  3097 | D:4      | Noticed a black bear
  3101 | D:4      | Killed a black bear
  3102 | D:4      | Reached skill level 5 in Spellcasting
  3102 | D:4      | Reached XP level 6. HP: 22/32 MP: 7/15
  3327 | D:4      | Reached skill level 5 in Fire Magic
  3381 | D:4      | Found a basalt altar of Yredelemnul.
  3587 | D:4      | Reached skill level 5 in Dodging
  3587 | D:4      | Reached XP level 7. HP: 36/36 MP: 8/17
  3870 | D:5      | Entered Level 5 of the Dungeon
  3870 | D:5      | Noticed Prince Ribbit
  3872 | D:5      | Noticed Sigmund
  3937 | D:5      | Killed Sigmund
  3938 | D:5      | Reached skill level 6 in Spellcasting
  3974 | D:5      | Killed Prince Ribbit
  4120 | D:5      | Found a snail-covered altar of Cheibriados.
  4120 | D:5      | Found a hazy altar of Hepliaklqana.
  4146 | D:5      | Reached skill level 5 in Conjurations
  4288 | D:5      | Reached XP level 8. HP: 41/41 MP: 15/20
  4467 | D:5      | Reached skill level 7 in Spellcasting
  4693 | D:5      | Noticed Grinder
  4702 | D:5      | Paralysed by Grinder for 3 turns
  4706 | D:5      | Killed Grinder
  4824 | D:5      | Found Jazarog's Distillery.
  4842 | D:5      | Bought a potion of curing for 33 gold pieces
  4842 | D:5      | Bought a potion of lignification for 33 gold pieces
  4842 | D:5      | Bought a potion of degeneration for 11 gold pieces
  4842 | D:5      | Bought a potion of heal wounds for 55 gold pieces
  5167 | D:5      | Found a radiant altar of Vehumet.
  5176 | D:5      | Became a worshipper of Vehumet
  5182 | D:5      | Found a glowing golden altar of the Shining One.
  5182 | D:5      | Found a hide-covered altar of Uskayaw.
  5189 | D:5      | Found a broken altar of Ashenzari.
  5199 | D:5      | Found a white marble altar of Elyvilon.
  5571 | D:6      | Identified the +2 leather armour of the Tuna {rC+ SInv}
  5628 | D:6      | Reached skill level 8 in Spellcasting
  5943 | D:6      | Reached XP level 9. HP: 35/45 MP: 16/23
  5952 | D:6      | Reached * piety under Vehumet
  5952 | D:6      | Offered knowledge of Freeze by Vehumet.
  6865 | D:7      | Reached skill level 9 in Spellcasting
  7334 | D:7      | Found a runed translucent gate.
  7334 | D:7      | Found a runed translucent gate.
  7334 | D:7      | Found a runed translucent gate.
  7659 | D:7      | Noticed Notanamesir's ghost (novice FeTm)
  8147 | D:8      | Noticed a boulder beetle
  8371 | D:8      | Noticed a komodo dragon
  8378 | D:8      | Killed a komodo dragon
  8386 | D:8      | Reached skill level 10 in Spellcasting
  8386 | D:8      | Reached XP level 10. HP: 5/50 MP: 9/26
  8581 | D:8      | Reached ** piety under Vehumet
  8592 | D:7      | Offered knowledge of Kiss of Death by Vehumet.
  8760 | D:8      | Found a burning altar of Makhleb.
  8771 | D:8      | Found a glowing silver altar of Zin.
  8771 | D:8      | Noticed a green death
  8771 | D:8      | Noticed an angel
  9027 | D:8      | Found a staircase to the Lair.
  9043 | D:8      | Learned a level 3 spell: Stone Arrow
  9050 | D:8      | Learned a level 6 spell: Plasma Beam
  9518 | D:9      | Found Kulibbaz's Armour Emporium.
  9562 | D:9      | Reached skill level 1 in Air Magic
  9567 | D:9      | Offered knowledge of Frozen Ramparts by Vehumet.
  9671 | D:9      | Reached *** piety under Vehumet
 10042 | D:8      | Killed a boulder beetle
 10043 | D:8      | Reached skill level 10 in Dodging
 10043 | D:8      | Reached skill level 11 in Spellcasting
 10288 | D:9      | Found Kepn's Magic Scroll Boutique.
 10297 | D:9      | Bought a scroll of fear for 44 gold pieces
 10297 | D:9      | Bought a scroll of noise for 11 gold pieces
 10297 | D:9      | Bought a scroll of identify for 22 gold pieces
 10297 | D:9      | Bought a scroll of identify for 22 gold pieces
 10297 | D:9      | Bought a scroll of identify for 22 gold pieces
 10297 | D:9      | Bought a scroll of amnesia for 44 gold pieces
 10650 | D:9      | Reached XP level 11. HP: 29/54 MP: 19/28
 10785 | D:9      | Identified the +0 long sword of Contradiction {venom, rPois
                  | rF+}
 10798 | D:9      | Found Xuuxeich's Assorted Antiques.
 10921 | D:9      | Offered knowledge of Iskenderun's Mystic Blast by Vehumet.
 11040 | D:9      | Found Hadym's General Store.
 11048 | D:9      | Bought a potion of heal wounds for 55 gold pieces
 11048 | D:9      | Bought a scroll of identify for 22 gold pieces
 11048 | D:9      | Bought a +0 quarterstaff for 44 gold pieces
 11061 | D:9      | Found Imoenana's Armour Shop.
 11362 | D:10     | Entered Level 10 of the Dungeon
 11453 | D:10     | Found a sparkling altar of Nemelex Xobeh.
 11467 | D:10     | Noticed a two-headed ogre
 11487 | D:10     | Killed a two-headed ogre
 11886 | D:10     | Found Eguih's Armour Shoppe.
 12166 | D:11     | Noticed a two-headed ogre
 12231 | Lair:1   | Entered Level 1 of the Lair of Beasts
 12235 | Lair:1   | Reached skill level 5 in Air Magic
 12464 | Lair:1   | Reached skill level 10 in Fire Magic
 12474 | Lair:1   | Reached **** piety under Vehumet
 12817 | Lair:1   | Noticed an eight-headed hydra
 12825 | Lair:1   | Killed an eight-headed hydra
 12826 | Lair:1   | Reached skill level 12 in Spellcasting
 12826 | Lair:1   | Reached skill level 10 in Conjurations
 12833 | Lair:1   | Offered knowledge of Lee's Rapid Deconstruction by Vehumet.
 13090 | Lair:1   | Found a runed translucent door.
 13186 | Lair:1   | Reached XP level 12. HP: 59/59 MP: 3/30
 13836 | Lair:1   | Found the +8 whip "Snakebite" {venom, curare, rPois}
 14063 | Lair:2   | Reached skill level 13 in Spellcasting
 14070 | Lair:2   | Reached skill level 1 in Earth Magic
 14410 | Lair:2   | Found a staircase to the Shoals.
 14844 | Lair:2   | Reached ***** piety under Vehumet
 15185 | Lair:2   | Offered knowledge of Iron Shot by Vehumet.
 15188 | Lair:2   | Noticed Maggie
 15260 | Lair:1   | Learned a level 6 spell: Iron Shot
 15490 | Lair:2   | Killed Maggie
 15491 | Lair:2   | Reached skill level 5 in Earth Magic
 16330 | Lair:3   | Found a runed translucent gate.
 16331 | Lair:3   | Found a runed translucent gate.
 16334 | Lair:3   | Found a runed translucent gate.
 16335 | Lair:3   | Noticed Pyga's ghost (journeyman DrCj)
 16337 | Lair:3   | Noticed a minotaur
 16338 | Lair:3   | Noticed a death yak
 16728 | Lair:3   | Found a hole to the Spider Nest.
 16739 | Lair:3   | Reached XP level 13. HP: 63/63 MP: 21/32
 16779 | Lair:3   | Reached skill level 14 in Spellcasting
 17739 | D:1      | Bought the +0 robe of Music {rElec} for 176 gold pieces
 17888 | Lair:1   | Learned a level 8 spell: Lehudib's Crystal Spear
 18839 | Lair:4   | Noticed Snorg
 18969 | Spider:1 | Entered Level 1 of the Spider Nest
 19067 | Lair:4   | Killed Snorg
 19456 | Lair:4   | Found a viscous altar of Jiyva.
 19456 | Lair:4   | Found a staircase to the Slime Pits.
 20041 | Lair:5   | Entered Level 5 of the Lair of Beasts
 20313 | Lair:5   | Offered knowledge of Olgreb's Toxic Radiance by Vehumet.
 20850 | Lair:5   | Reached skill level 15 in Spellcasting
 21599 | Lair:5   | Reached XP level 14. HP: 68/68 MP: 20/35
 22768 | D:11     | Noticed Urug
 22953 | D:11     | Killed Urug
 23510 | D:11     | Identified the +0 scale mail of Protective Custody {rCorr
                  | Str+2 Dex+2}
 23643 | D:12     | Found a staircase to the Orcish Mines.
 23819 | D:12     | Learned a level 4 spell: Olgreb's Toxic Radiance
 23830 | D:12     | Found a broken altar of Ashenzari.
 24121 | D:12     | Reached skill level 1 in Poison Magic
 25602 | D:12     | Offered knowledge of Freezing Cloud by Vehumet.
 26173 | D:12     | Learned a level 5 spell: Freezing Cloud
 26174 | Orc:1    | Entered Level 1 of the Orcish Mines
 26821 | Orc:2    | Entered Level 2 of the Orcish Mines
 26947 | Orc:2    | Reached skill level 1 in Ice Magic
 27640 | Orc:2    | Reached skill level 16 in Spellcasting
 27776 | Orc:2    | Learned a level 2 spell: Sublimation of Blood
 28956 | Orc:2    | Reached XP level 15. HP: 72/72 MP: 24/37
 29282 | Orc:2    | Found Geppozem's Distillery.
 29282 | Orc:2    | Found Vyuwef's Weapon Emporium.
 29282 | Orc:2    | Found Zof Jati's Jewellery Emporium.
 29282 | Orc:2    | Found Hiliell's Weapon Boutique.
 29303 | Orc:2    | Found a staircase to the Elven Halls.
 29612 | Orc:2    | Reached skill level 5 in Ice Magic
 29761 | Orc:2    | Reached skill level 15 in Dodging
 30631 | D:13     | Noticed Nessos
 30631 | D:13     | Noticed Rupert
 30631 | D:13     | Found a gate to the Vaults.
 30723 | D:13     | Killed Rupert
 30724 | D:13     | Reached skill level 1 in Necromancy
 31101 | D:13     | Killed Nessos
 31405 | D:12     | Learned a level 2 spell: Blink
 31828 | Lair:1   | Identified the +2 hat of Greed {Regen+ MP+9 Int+3 Dex-2}
 32146 | Lair:1   | Found a runed translucent gate.
 32146 | Lair:1   | Found a runed translucent gate.
 32146 | Lair:1   | Found a runed translucent gate.
 32146 | Lair:1   | Found a runed translucent gate.
 32146 | Lair:1   | Found a runed translucent gate.
 32146 | Lair:1   | Found a runed translucent gate.
 32892 | Spider:1 | Identified a scroll of acquirement
 32893 | Spider:1 | Acquired 832 gold pieces
 33232 | Spider:1 | Identified the +1 quarterstaff of Poverty {heavy, *Rage
                  | +Blink rN+++ Int-5}
 34379 | Spider:2 | Noticed Louise
 34386 | Spider:2 | Killed Louise
 34387 | Spider:2 | Reached skill level 5 in Necromancy
 34591 | Spider:2 | Reached skill level 10 in Earth Magic
 34726 | Spider:2 | Reached ****** piety under Vehumet
 35161 | Spider:2 | Offered knowledge of Fireball by Vehumet.
 35162 | Spider:2 | Reached skill level 17 in Spellcasting
 35322 | Spider:2 | Learned a level 5 spell: Fireball
 35418 | Spider:2 | Noticed Kirke
 35426 | Spider:2 | Killed Kirke
 35754 | Spider:2 | Noticed Azrael
 35762 | Spider:2 | Killed Azrael
 35871 | Spider:2 | Identified the +5 scale mail of Midwinter {Will+}
 36716 | Spider:3 | Noticed an emperor scorpion
 36721 | Spider:3 | Killed an emperor scorpion
 36722 | Spider:3 | Reached XP level 16. HP: 76/76 MP: 13/39
 36877 | Spider:3 | Reached skill level 15 in Fire Magic
 37805 | Spider:3 | Offered knowledge of Iskenderun's Battlesphere by Vehumet.
 37824 | Spider:2 | Learned a level 5 spell: Iskenderun's Battlesphere
 38100 | Spider:3 | Reached skill level 15 in Conjurations
 38746 | Spider:3 | Noticed Nikola
 38761 | Spider:3 | Killed Nikola
 39051 | Spider:3 | Reached skill level 18 in Spellcasting
 39061 | Spider:3 | Noticed Arachne
 39069 | Spider:3 | Killed Arachne
 39688 | Spider:3 | Found a runed translucent gate.
 39688 | Spider:3 | Found a runed translucent gate.
 39689 | Spider:3 | Found a runed translucent gate.
 39690 | Spider:3 | Noticed KimchiStew's ghost (adept OgCj)
 39716 | Spider:4 | Entered Level 4 of the Spider Nest
 40157 | Elf:1    | Entered Level 1 of the Elven Halls
 41007 | Elf:1    | Offered knowledge of Ozocubu's Refrigeration by Vehumet.
 41982 | Elf:1    | Reached XP level 17. HP: 32/80 MP: 37/41
 42535 | Elf:2    | Reached skill level 1 in Translocations
 42540 | Elf:2    | Reached skill level 19 in Spellcasting
 42911 | D:9      | Bought a runed scarf for 216 gold pieces
 42927 | D:9      | Bought the +2 pair of gloves of Submission {Dex+2} for 282
                  | gold pieces
 43910 | Elf:2    | Noticed Roxanne
 43926 | Elf:2    | Found Tunoagh's Armour Shop.
 43943 | Elf:2    | Bought a +1 pair of boots of flying for 231 gold pieces
 44636 | Elf:3    | Entered Level 3 of the Elven Halls
 46059 | Elf:3    | Identified the +8 whip "Tagighapn" {pain, rElec rPois rC+
                  | Int+3}
 46060 | Elf:3    | Identified the +8 quarterstaff of the Coin {flame, +Blink
                  | rN+}
 46336 | Elf:3    | Noticed a deep elf master archer
 46340 | Elf:3    | Killed a deep elf master archer
 46342 | Elf:3    | Reached skill level 20 in Spellcasting
 46583 | Elf:3    | Noticed a deep elf blademaster
 46589 | Elf:3    | Killed a deep elf blademaster
 46734 | Elf:3    | Noticed a deep elf master archer
 46793 | Elf:3    | Shot with an arrow by a deep elf master archer

Illustrated notes

Levels and vault maps discovered:
D:1:      kilobyte_arrival_exit_the_forest, layout_rooms, serial_shops,
          nicolae_shop_mannequins
D:2:      layout_rooms, basic_altar
D:3:      layout_basic
D:4:      layout_gridville, yredelemnul_forgotten_temple_becter,
          minmay_temple_entry_gardened_gates, serial_shops, shop,
          kennysheep_generic_room_14
D:5:      layout_loops_ring, minmay_overflow_temple_star_hex,
          gammafunk_temple_overflow_statue, serial_shops,
          nicolae_shop_hallway_plus, uniq_grinder, uniq_prince_ribbit1,
          uniq_sigmund
D:6:      layout_basic, minmay_misc_feat_columns
D:7:      layout_loops_corners, serial_glass, glass_columns_a, glass_columns_a,
          glass_columns_a, gammafunk_ghost_icy, minmay_misc_feat_iff,
          corexii_item_surrounded_by_moat
D:8:      layout_rooms, grunt_temple_overflow_order_and_chaos_2,
          due_lair_maze_entry_diamond
D:9:      layout_long_grid, serial_shops, nicolae_shop_trees, shop,
          nicolae_stop_n_shop_1, shop, nicolae_shop_statue_plus,
          hangedman_weighted_door, minmay_parallelograms, eino_jars
D:10:     layout_basic, mainiacjoe_overflow_brackets, serial_shops, shop_statue
D:11:     layout_big_octagon, serial_column_ruins, column_ruins_hut,
          column_ruins_grid_5, column_ruins_open_tiny, column_ruins_grid_1,
          column_ruins_open_tiny, column_ruins_grid_1, column_ruins_open_tiny,
          column_ruins_columns_straight, column_ruins_grid_1, uniq_urug
D:12:     layout_basic, orc_0_dummy, gauntlet_entry_generic, special_room
          [special_room_orc], cheibrodos_ashenzari_chains
D:13:     layout_gridville, david_vaults_3
Temple:   nicolae_temple_bog_church
Lair:1:   gammafunk_indiana_jones, layout_chaotic_city, serial_forest,
          infiniplex_forest_lined_2, infiniplex_forest_lined_corner,
          infiniplex_forest_lined_3, infiniplex_forest_clump_tiny,
          infiniplex_forest_clump_tiny, infiniplex_forest_lined_2,
          infiniplex_forest_end_1, grunt_forest_large_clearing_hut
Lair:2:   layout_cave_pods, elwin_shoals_entry_stream, eino_house_with_fridge,
          uniq_maggie
Lair:3:   layout_gridlike, nicolae_spider_entry_lesser_pyramids,
          maelrawn_ghost_gauntlet_escape, pond
Lair:4:   beargit_carnivore_pack, layout_layer_cave, slime_entry_1,
          eino_small_chamber_without_monster, grunt_megastairs_2,
          lemuel_fruit_tree
Lair:5:   evilmike_catoblepas_cave, layout_cave_pods, minivault_24
Spider:1: layout_chambers, hangedman_spider_tarantella_strand
Spider:2: layout_chambers, uniq_azrael, uniq_louise, uniq_kirke
Spider:3: layout_spider_delve, ebering_ghost_rock_garden, nicolae_crawler_farm,
          uniq_nikola, uniq_arachne
Spider:4: grunt_spider_rune_circles, nicolae_spider_checkerboard
Orc:1:    layout_caves, statue_in_the_mist_lemuel
Orc:2:    st_orc_ogre_mass, layout_diamond_mine
Elf:1:    eino_elf_arrival_shootout, layout_loops_corners,
          portal_ice_cave_entry_pillars_1, hangedman_elf_disciples
Elf:2:    nicolae_elf_blades_splatter_lattice [nicolae_blade_lattice],
          layout_geoelf_octagon, serial_shops, shop, lemuel_flamethrower_3,
          lemuel_upstairs_altar, uniq_roxanne, uniq_agnes
Elf:3:    minmay_elf_hall_curves, layout_geoelf_grid, nicolae_fountain_basement

Skill      XL: |  1  2  3  4  5  6  7  8  9 10 11 12 13 14 15 16 17 |
---------------+----------------------------------------------------+-----
Dodging        | 3 4 5 6 7 9 10 11 12 14 16 17 18 | 18.1
Conjurations   | 2 3 4 5 6 8 9 10 11 12 13 14 15 16 | 16.6
Spellcasting   | 4 5 6 8 10 11 12 13 15 16 17 18 20 | 20.3
Fire Magic     | 4 5 6 7 8 9 10 12 13 14 16 | 16.9
Air Magic      | 4 5 |  5.0
Earth Magic    | 5 8 9 10 | 10.0
Poison Magic   | 3 |  3.0
Ice Magic      | 4 5 |  5.0
Necromancy     | 5 |  5.0
Translocations | 2 |  2.0
Stealth        | |  2.4

Action                     |  1- 3 |  4- 6 |  7- 9 | 10-12 | 13-15 | 16-18 || total
---------------------------+-------+-------+-------+-------+-------+-------++-------
  Melee: Unarmed           |       |       |     2 |       |       |       ||     2
         Long sword        |       |       |       |       |     3 |       ||     3
         Staff             |       |       |       |       |       |     1 ||     1
   Cast: Foxfire           |    59 |    52 |    89 |    84 |     6 |     2 ||   292
         Scorch            |       |    17 |   100 |    84 |    10 |       ||   211
         Flame Wave        |       |       |    10 |    33 |    18 |     8 ||    69
         Stone Arrow       |       |       |       |    14 |       |       ||    14
         Plasma Beam       |       |       |       |    69 |   196 |   117 ||   382
         Iron Shot         |       |       |       |    26 |   162 |   117 ||   305
         Freezing Cloud    |       |       |       |       |   115 |    80 ||   195
         Fireball          |       |       |       |       |    11 |    20 ||    31
         Lehudib's Crystal |       |       |       |       |     5 |     4 ||     9
         Iskenderun's Batt |       |       |       |       |       |    82 ||    82
         Olgreb's Toxic Ra |       |       |       |       |       |    11 ||    11
         Blink             |       |       |       |       |       |     2 ||     2
    Use: Scroll            |       |       |     5 |     6 |    16 |     7 ||    34
         Potion            |       |       |       |     6 |     3 |     1 ||    10
 Armour: Robe              |     6 |     3 |     8 |    24 |     1 |       ||    42
         Leather armour    |       |       |       |       |     9 |    20 ||    29
  Dodge: Dodged            |    13 |     3 |    50 |   123 |    77 |    61 ||   327

Table legend: (Time is in decaauts)
 A = Elapsed time spent in this place.
 B = Non-inter-level travel time spent in this place.
 C = Inter-level travel time spent in this place.
 D = Time resting spent in this place.
 E = Time spent auto-exploring this place.
 F = Levels seen in this place.
 G = Mean time per level.
                   A        B        C        D        E       F      G
               +--------+--------+--------+--------+--------+-----+--------+
         Total |  46925 |  42706 |   4219 |  19267 |  12844 |  28 | 1675.9 |
       Dungeon |  18228 |  16219 |   2009 |   5859 |   7916 |  13 | 1402.2 |
        Temple |    168 |    166 |      2 |      0 |    153 |   1 |  168.0 |
          Lair |  10307 |   9366 |    941 |   4532 |   3319 |   5 | 2061.4 |
   Spider Nest |   7857 |   7358 |    499 |   3794 |    499 |   4 | 1964.2 |
  Orcish Mines |   4502 |   4005 |    497 |   2683 |    664 |   2 | 2251.0 |
   Elven Halls |   5860 |   5591 |    269 |   2399 |    292 |   3 | 1953.3 |
               +--------+--------+--------+--------+--------+-----+--------+

Top non-repeatable levels by time:
   Orc:2: 3528 daAuts
    D:12: 3023 daAuts
Spider:2: 2760 daAuts
Spider:3: 2658 daAuts
  Lair:1: 2523 daAuts
   Elf:1: 2499 daAuts
Spider:1: 2434 daAuts
  Lair:3: 2345 daAuts
   Elf:3: 2156 daAuts
  Lair:2: 2003 daAuts
     D:8: 2001 daAuts
     D:7: 1985 daAuts
  Lair:4: 1809 daAuts
  Lair:5: 1625 daAuts
    D:10: 1590 daAuts
